[Event "CZE-ch FIDE Open 2020"]
[Site "Kouty nad Desnou"]
[Date "2020.03.07"]
[Round "1.2"]
[White "Sikorova, Olga"]
[Black "Novotny, David"]
[Result "1-0"]
[ECO "A29"]
[WhiteElo "2199"]
[BlackElo "1910"]
[Annotator "ChessBase"]
[PlyCount "81"]
[EventDate "2020.03.07"]
[EventCountry "CZE"]
[SourceTitle "playchess.com"]
[Source "ChessBase"]
[SourceQuality "1"]
[TimeControl "5400+30"]

1. c4 e5 2. g3 Nf6 3. Bg2 d5 4. cxd5 Nxd5 5. Nc3 Be6 6. Nf3 Nc6 7. O-O Nb6 8. b3 f6 9. Bb2 Qd7 10. Rc1 O-O-O 11. Ne4 h5 12. h4 Bd5 13. d3 Bxe4 14. dxe4 Qe6 15. Qc2 Bd6 16. Rfd1 Kb8 17. a3 Rdg8 18. b4 a6 19. Rd3 g5 20. Rc3 Nd4 21. Nxd4 exd4 22. Rxc7 Bxc7 23. Qxc7+ Ka8 24. e5 Rb8 25. Rc6 Nd5 26. Rxe6 Nxc7 27. Rxf6 gxh4 28. Bxd4 hxg3 29. fxg3 Rhg8 30. Kh2 Rg4 31. Bf2 Rg5 32. Be3 Rxe5 33. Bf4 Re6 34. Rxe6 Nxe6 35. Bxb8 Kxb8 36. Kh3 Nd4 37. Kh4 Nxe2 38. Bf1 Nd4 39. Bd3 Kc7 40. Kxh5 Kd6 41. g4 1-0

[Event "CZE-ch FIDE Open 2020"]
[Site "Kouty nad Desnou"]
[Date "2020.03.07"]
[Round "1.3"]
[White "Kucera, Tomas"]
[Black "Sochorova, Petra"]
[Result "1-0"]
[ECO "A89"]
[WhiteElo "1985"]
[BlackElo "2119"]
[Annotator "ChessBase"]
[PlyCount "55"]
[EventDate "2020.03.07"]
[EventCountry "CZE"]
[SourceTitle "playchess.com"]
[Source "ChessBase"]
[SourceQuality "1"]
[TimeControl "5400+30"]

1. c4 f5 2. Nc3 Nf6 3. g3 g6 4. Bg2 Bg7 5. Nf3 O-O 6. O-O Nc6 7. d4 d6 8. b3 Ne4 9. Bb2 Nxc3 10. Bxc3 f4 11. Qd2 fxg3 12. hxg3 Bg4 13. d5 Bxf3 14. exf3 Ne5 15. f4 Nd7 16. Bxg7 Kxg7 17. Rfe1 Rf7 18. Re2 a5 19. Rae1 b6 20. Bh3 Nc5 21. a3 Qf8 22. b4 axb4 23. axb4 Nb7 24. Qd4+ Kh6 25. f5 Ra3 26. Rxe7 Ra1 27. Qh4+ Kg7 28. Rxf7+ 1-0

[Event "CZE-ch FIDE Open 2020"]
[Site "Kouty nad Desnou"]
[Date "2020.03.07"]
[Round "1.4"]
[White "Bares, Jachym"]
[Black "Kosut, Tomas"]
[Result "1-0"]
[ECO "B77"]
[WhiteElo "2119"]
[BlackElo "1878"]
[Annotator "ChessBase"]
[PlyCount "97"]
[EventDate "2020.03.07"]
[EventCountry "CZE"]
[SourceTitle "playchess.com"]
[Source "ChessBase"]
[SourceQuality "1"]
[TimeControl "5400+30"]

1. e4 c5 2. Nf3 d6 3. d4 cxd4 4. Nxd4 Nf6 5. Nc3 g6 6. f3 Bg7 7. Be3 Nc6 8. Qd2 O-O 9. Bc4 Bd7 10. Bb3 Nxd4 11. Bxd4 b5 12. O-O-O a5 13. Nd5 a4 14. Nxf6+ Bxf6 15. Bd5 Rb8 16. Bxf6 exf6 17. h4 b4 18. h5 g5 19. Kb1 h6 20. f4 Qe7 21. Rhf1 b3 22. cxb3 axb3 23. Qd4 bxa2+ 24. Ka1 Rbd8 25. fxg5 fxg5 26. Rf6 Qe5 27. Rxh6 Bg4 28. Qxe5 dxe5 29. Rf1 Kg7 30. Rb6 Bxh5 31. Kxa2 f6 32. b4 Bf7 33. Rb7 Kg6 34. Bxf7+ Rxf7 35. Rxf7 Kxf7 36. Kb3 Ke6 37. b5 Rd4 38. Rc1 Kd7 39. Rc4 Rd2 40. g4 Rd1 41. Kc2 Rd6 42. Kc3 Rd1 43. b6 Rd6 44. b7 Rb6 45. Rb4 Rxb4 46. Kxb4 Kc7 47. Kc5 Kxb7 48. Kd5 f5 49. exf5 1-0

[Event "CZE-ch FIDE Open 2020"]
[Site "Kouty nad Desnou"]
[Date "2020.03.07"]
[Round "1.5"]
[White "Lukas, Frantisek"]
[Black "Brazdil, Roman"]
[Result "1/2-1/2"]
[ECO "D35"]
[WhiteElo "1852"]
[BlackElo "2116"]
[Annotator "ChessBase"]
[PlyCount "99"]
[EventDate "2020.03.07"]
[EventCountry "CZE"]
[SourceTitle "playchess.com"]
[Source "ChessBase"]
[SourceQuality "1"]
[TimeControl "5400+30"]

1. d4 Nf6 2. c4 e6 3. Nf3 d5 4. cxd5 exd5 5. Bg5 Be7 6. Nc3 O-O 7. e3 c6 8. Bd3 Bg4 9. Qc2 h6 10. Bh4 Nbd7 11. h3 Bxf3 12. gxf3 c5 13. dxc5 Nxc5 14. O-O-O Nxd3+ 15. Qxd3 Rc8 16. Kb1 Qb6 17. Qb5 Qc7 18. Bg3 Qc6 19. Qxc6 bxc6 20. Rc1 Rfd8 21. Rhd1 Nh7 22. h4 Nf8 23. Ne2 Bf6 24. Nd4 Bxd4 25. Rxd4 Ne6 26. Ra4 Rd7 27. Ra6 c5 28. Rd6 Rxd6 29. Bxd6 Rc6 30. Bb8 a6 31. Ba7 f5 32. Rd1 Rd6 33. Rc1 c4 34. Rd1 Rd7 35. Bb6 f4 36. Kc2 Kf7 37. Kc3 g5 38. hxg5 Nxg5 39. Rd4 Ne6 40. Rd1 Kg6 41. e4 Rb7 42. Bd4 dxe4 43. fxe4 Nxd4 44. Rxd4 h5 45. Rd1 h4 46. Rh1 Kg5 47. f3 Rh7 48. Rh3 Rb7 49. Rh2 Rh7 50. Rh3 1/2-1/2

[Event "CZE-ch FIDE Open 2020"]
[Site "Kouty nad Desnou"]
[Date "2020.03.07"]
[Round "1.6"]
[White "Kubicek, Antonin"]
[Black "Zamecnik, Jan"]
[Result "0-1"]
[ECO "A38"]
[WhiteElo "2113"]
[BlackElo "1850"]
[Annotator "ChessBase"]
[PlyCount "100"]
[EventDate "2020.03.07"]
[EventCountry "CZE"]
[SourceTitle "playchess.com"]
[Source "ChessBase"]
[SourceQuality "1"]
[TimeControl "5400+30"]

1. c4 Nf6 2. Nf3 g6 3. g3 Bg7 4. Bg2 O-O 5. O-O c5 6. Nc3 Nc6 7. a3 d6 8. Rb1 a5 9. d3 Bd7 10. Bd2 Na7 11. d4 Bf5 12. Rc1 Ne4 13. Be1 Rc8 14. Nh4 Nxc3 15. Bxc3 cxd4 16. Bxd4 Bxd4 17. Qxd4 Nc6 18. Qd2 Be6 19. Nf3 f6 20. Rfd1 Qb6 21. e3 a4 22. Qc2 Qa5 23. Qe4 Bf5 24. Qf4 e5 25. Qh4 Rcd8 26. Qh6 Ne7 27. Nh4 Be6 28. e4 Qb6 29. Rd2 Rc8 30. Bf1 Rc5 31. Ng2 Rfc8 32. Ne3 Qc7 33. Rcd1 Rc6 34. h4 Kh8 35. h5 Ng8 36. Nd5 Nxh6 37. Nxc7 R8xc7 38. Rxd6 Rxd6 39. Rxd6 Bxc4 40. hxg6 Bxf1 41. Kxf1 hxg6 42. Rxf6 Kg7 43. Rb6 Nf7 44. Rb4 Nd6 45. Rxa4 b5 46. Ra5 Rc2 47. b4 Rc4 48. f3 Rc3 49. Ke2 Kf6 50. Ra6 Ke7 0-1

[Event "CZE-ch FIDE Open 2020"]
[Site "Kouty nad Desnou"]
[Date "2020.03.07"]
[Round "1.7"]
[White "Husa, Daniel"]
[Black "Pycha, Patrik"]
[Result "0-1"]
[ECO "E11"]
[WhiteElo "1814"]
[BlackElo "2024"]
[Annotator "ChessBase"]
[PlyCount "108"]
[EventDate "2020.03.07"]
[EventCountry "CZE"]
[SourceTitle "playchess.com"]
[Source "ChessBase"]
[SourceQuality "1"]
[TimeControl "5400+30"]

1. d4 Nf6 2. c4 e6 3. g3 Bb4+ 4. Bd2 a5 5. Nf3 O-O 6. Bg2 d6 7. O-O Nc6 8. Qc2 e5 9. e3 Bg4 10. a3 Bxd2 11. Nbxd2 exd4 12. Nxd4 Nxd4 13. exd4 c6 14. Rfe1 Qd7 15. Ne4 Nxe4 16. Bxe4 f5 17. Bg2 f4 18. Be4 h6 19. Rac1 Qf7 20. Qd2 f3 21. Bd3 Bf5 22. Qc2 Bh3 23. Re3 Qd7 24. Rce1 Rae8 25. Qd2 b6 26. c5 Rxe3 27. Rxe3 dxc5 28. dxc5 Qc7 29. cxb6 Qxb6 30. Qc3 Qa7 31. Re1 c5 32. Qc4+ Kh8 33. Qe4 g5 34. Qe5+ Qg7 35. Qxc5 Rd8 36. Re7 Rxd3 37. Re8+ Kh7 38. Qxa5 Rd1+ 39. Re1 Rxe1+ 40. Qxe1 Bf5 41. b4 Qd7 42. Qc1 Qd3 43. Qc7+ Kg6 44. Qc6+ Kh5 45. g4+ Kxg4 46. Qc1 Bd7 47. Qa1 Ba4 48. b5 Bxb5 49. a4 Ba6 50. a5 Qc4 51. Qd1 Kh4 52. h3 Kxh3 53. Qxf3+ Kh4 54. Kh2 Qf4+ 0-1

[Event "CZE-ch FIDE Open 2020"]
[Site "Kouty nad Desnou"]
[Date "2020.03.07"]
[Round "1.8"]
[White "Nguyen, Thai Dai Vinh"]
[Black "Merinsky, Vaclav"]
[Result "0-1"]
[ECO "C45"]
[WhiteElo "2018"]
[BlackElo "1764"]
[Annotator "ChessBase"]
[PlyCount "56"]
[EventDate "2020.03.07"]
[EventCountry "CZE"]
[SourceTitle "playchess.com"]
[Source "ChessBase"]
[SourceQuality "1"]
[TimeControl "5400+30"]

1. e4 e5 2. Nf3 Nc6 3. d4 exd4 4. Nxd4 Bc5 5. Be3 Qf6 6. c3 Qg6 7. Nd2 Nf6 8. f3 d5 9. Qc2 dxe4 10. fxe4 Bd7 11. O-O-O Ne5 12. N2f3 Neg4 13. Bf4 O-O-O 14. h3 Nh5 15. Bg5 f6 16. hxg4 Ng3 17. Bd3 Nxh1 18. e5 Qf7 19. e6 Bxe6 20. Bf5 Bxd4 21. Qb3 Be3+ 22. Nd2 Bxd2+ 23. Bxd2 Rhe8 24. Re1 Rd6 25. Bf4 Kb8 26. Qb5 Rd5 27. Bxc7+ Kxc7 28. Qc4+ Kb8 0-1

[Event "CZE-ch FIDE Open 2020"]
[Site "Kouty nad Desnou"]
[Date "2020.03.07"]
[Round "1.9"]
[White "Dejmal, Ondrej"]
[Black "Tuma, Jan"]
[Result "1-0"]
[ECO "B30"]
[WhiteElo "1757"]
[BlackElo "1993"]
[Annotator "ChessBase"]
[PlyCount "81"]
[EventDate "2020.03.07"]
[EventCountry "CZE"]
[SourceTitle "playchess.com"]
[Source "ChessBase"]
[SourceQuality "1"]
[TimeControl "5400+30"]

1. e4 c5 2. Nf3 Nc6 3. c4 e5 4. Nc3 g6 5. Be2 Bg7 6. O-O Nge7 7. d3 d6 8. Bd2 O-O 9. a3 h6 10. Nd5 f5 11. b4 f4 12. b5 Nd4 13. Nxd4 Nxd5 14. cxd5 exd4 15. Bg4 Be5 16. Bxc8 Qxc8 17. f3 g5 18. Rc1 Qd7 19. a4 Kh8 20. Kf2 Rf6 21. h3 h5 22. Rh1 Rh6 23. Ke2 Kg7 24. Qg1 Rah8 25. Qf2 Kf7 26. Rcg1 Rg6 27. Qf1 Rhg8 28. Kd1 a6 29. Ke2 axb5 30. axb5 Qxb5 31. Qa1 g4 32. hxg4 hxg4 33. Rh7+ Kf6 34. Qe1 gxf3+ 35. gxf3 Rg2+ 36. Rxg2 Rxg2+ 37. Kf1 Rg3 38. Qe2 Kg6 39. Rh2 c4 40. dxc4 Qb1+ 41. Be1 1-0

[Event "CZE-ch FIDE Open 2020"]
[Site "Kouty nad Desnou"]
[Date "2020.03.07"]
[Round "1.10"]
[White "Broz, Petr"]
[Black "Vaculik, Martin"]
[Result "1-0"]
[ECO "B55"]
[WhiteElo "1976"]
[BlackElo "2268"]
[Annotator "ChessBase"]
[PlyCount "89"]
[EventDate "2020.03.07"]
[EventCountry "CZE"]
[SourceTitle "playchess.com"]
[Source "ChessBase"]
[SourceQuality "1"]
[TimeControl "5400+30"]

1. e4 c5 2. Nf3 d6 3. d4 cxd4 4. Nxd4 Nf6 5. f3 e5 6. Bb5+ Bd7 7. Bxd7+ Qxd7 8. Nf5 d5 9. Bg5 dxe4 10. Bxf6 Qxd1+ 11. Kxd1 gxf6 12. fxe4 Nc6 13. c3 O-O-O+ 14. Ke2 Ne7 15. Rf1 Nxf5 16. Rxf5 Bg7 17. Nd2 Kd7 18. Raf1 Ke6 19. Nc4 h5 20. Ne3 Rh6 21. R1f3 Rdh8 22. Nd5 Rg6 23. Rf2 h4 24. h3 Rg5 25. R5f3 Rh6 26. Kf1 Rg3 27. Rxg3 hxg3 28. Rf3 Rh4 29. Rxg3 Rxe4 30. Nc7+ Kd7 31. Rxg7 Rf4+ 32. Ke2 Kxc7 33. Rxf7+ Kc6 34. g3 Rf5 35. h4 a6 36. a4 b5 37. a5 Kc5 38. Ra7 b4 39. Rxa6 bxc3 40. bxc3 Kb5 41. Ra8 e4 42. a6 Rf3 43. g4 Rg3 44. Rf8 Rxg4 45. a7 1-0

[Event "CZE-ch FIDE Open 2020"]
[Site "Kouty nad Desnou"]
[Date "2020.03.07"]
[Round "1.11"]
[White "Volaninova, Sarka"]
[Black "Slepov, Kyryl"]
[Result "0-1"]
[ECO "C22"]
[WhiteElo "1689"]
[BlackElo "1973"]
[Annotator "ChessBase"]
[PlyCount "110"]
[EventDate "2020.03.07"]
[EventCountry "CZE"]
[SourceTitle "playchess.com"]
[Source "ChessBase"]
[SourceQuality "1"]
[TimeControl "5400+30"]

1. e4 e5 2. d4 exd4 3. Qxd4 Qf6 4. Qxf6 Nxf6 5. Bd3 Nc6 6. Ne2 d5 7. exd5 Nxd5 8. c3 Be6 9. Nf4 Nxf4 10. Bxf4 O-O-O 11. Bc2 Bc4 12. Nd2 Re8+ 13. Be3 Bd5 14. O-O Bd6 15. Bb3 Bxb3 16. Nxb3 f5 17. Rfe1 Ne5 18. Rad1 Ng4 19. Bd4 Bxh2+ 20. Kf1 Be5 21. Bxe5 Rxe5 22. Rxe5 Nxe5 23. Rd5 Re8 24. Nc5 b6 25. Nb3 c6 26. Rd1 c5 27. Rd2 Nc4 28. Rc2 Kc7 29. Nd2 Nxd2+ 30. Rxd2 Kc6 31. c4 a6 32. a4 g6 33. Rd3 Re4 34. b3 b5 35. cxb5+ axb5 36. axb5+ Kxb5 37. g3 Kb4 38. Rf3 Re5 39. Rd3 Re7 40. f3 Ra7 41. Ke2 Ra3 42. Rd7 Rxb3 43. Rxh7 Kc3 44. Rg7 Rb6 45. Rc7 Re6+ 46. Kf2 c4 47. g4 fxg4 48. fxg4 Kd3 49. Rd7+ Kc2 50. Rc7 c3 51. Kf3 Kd2 52. Rd7+ Kc1 53. Rc7 c2 54. Rb7 Rd6 55. Ke3 Kd1 0-1

[Event "CZE-ch FIDE Open 2020"]
[Site "Kouty nad Desnou"]
[Date "2020.03.07"]
[Round "1.12"]
[White "Klubal, Jiri"]
[Black "Vokoun, Tomas"]
[Result "1-0"]
[ECO "B54"]
[WhiteElo "1935"]
[BlackElo "1673"]
[Annotator "ChessBase"]
[PlyCount "83"]
[EventDate "2020.03.07"]
[EventCountry "CZE"]
[SourceTitle "playchess.com"]
[Source "ChessBase"]
[SourceQuality "1"]
[TimeControl "5400+30"]

1. e4 c5 2. Nf3 e6 3. c4 Nc6 4. Nc3 d6 5. d4 cxd4 6. Nxd4 Nf6 7. Be3 g6 8. Be2 a6 9. O-O Bg7 10. f3 O-O 11. Rc1 d5 12. cxd5 exd5 13. exd5 Nxd5 14. Nxd5 Qxd5 15. Nxc6 bxc6 16. b3 Qa5 17. Rxc6 Qxa2 18. Bc4 Bf5 19. Rf2 Qb1 20. Qxb1 Bxb1 21. Rxa6 Rxa6 22. Bxa6 Rb8 23. Bc4 Bc3 24. Re2 Kg7 25. g4 f5 26. h3 Kf6 27. Bc1 Rd8 28. Bh6 fxg4 29. Re6+ Kf7 30. Re3+ Kf6 31. Rxc3 gxh3 32. Bf4 Rd4 33. Be3 Rh4 34. Kh2 g5 35. Bf2 Rh6 36. Be2 Kf5 37. Rc5+ Kf4 38. Rc8 Bf5 39. Rf8 Ke5 40. Bg3+ Ke6 41. Bc4+ Ke7 42. Rxf5 1-0

[Event "CZE-ch FIDE Open 2020"]
[Site "Kouty nad Desnou"]
[Date "2020.03.07"]
[Round "1.13"]
[White "Kanka, Lukas"]
[Black "Zdechovsky, Tobias"]
[Result "1-0"]
[ECO "A45"]
[WhiteElo "1618"]
[BlackElo "1922"]
[Annotator "ChessBase"]
[PlyCount "81"]
[EventDate "2020.03.07"]
[EventCountry "CZE"]
[SourceTitle "playchess.com"]
[Source "ChessBase"]
[SourceQuality "1"]
[TimeControl "5400+30"]

1. d4 Nf6 2. Nc3 c5 3. dxc5 Qa5 4. g3 Qxc5 5. Bg2 g6 6. Nf3 Bg7 7. O-O O-O 8. Be3 Qc7 9. Nb5 Qa5 10. Nbd4 d5 11. Qd2 Qxd2 12. Bxd2 Ne4 13. Bb4 Re8 14. e3 e5 15. Nb5 Na6 16. Ba3 Bd7 17. Nd6 Nxd6 18. Bxd6 Rac8 19. Ng5 e4 20. c3 Nc5 21. Bxc5 Rxc5 22. Nh3 Bg4 23. Rfe1 b5 24. Nf4 g5 25. Ne2 Bxe2 26. Rxe2 g4 27. Rd2 f5 28. Rad1 Rd8 29. b4 Rxc3 30. Rxd5 Rxd5 31. Rxd5 Rc1+ 32. Bf1 a6 33. Rd6 Bc3 34. Rxa6 Bxb4 35. Rb6 Be1 36. Rxb5 Kg7 37. Rxf5 Rc2 38. Bg2 h5 39. Bxe4 Rxa2 40. Kf1 Ra5 41. Kxe1 1-0

[Event "CZE-ch FIDE Open 2020"]
[Site "Kouty nad Desnou"]
[Date "2020.03.07"]
[Round "1.14"]
[White "Glozar, Petr"]
[Black "Dedek, Jan"]
[Result "1-0"]
[ECO "D85"]
[WhiteElo "1918"]
[BlackElo "1551"]
[Annotator "ChessBase"]
[PlyCount "57"]
[EventDate "2020.03.07"]
[EventCountry "CZE"]
[SourceTitle "playchess.com"]
[Source "ChessBase"]
[SourceQuality "1"]
[TimeControl "5400+30"]

1. d4 Nf6 2. c4 g6 3. Nc3 d5 4. cxd5 Nxd5 5. e4 Nxc3 6. bxc3 Bg7 7. Nf3 O-O 8. Be2 c5 9. O-O Nc6 10. d5 Ne5 11. Nxe5 Bxe5 12. Qd2 e6 13. f4 Bg7 14. d6 e5 15. f5 gxf5 16. exf5 Bd7 17. Qe3 Rc8 18. Qg3 Kh8 19. Bc4 b5 20. Bb3 a5 21. Qf3 Qf6 22. Qh5 Qxd6 23. Rf3 e4 24. Bf4 Qb6 25. Rh3 h6 26. Rd1 c4+ 27. Be3 Qa6 28. Bc2 Qf6 29. Bd4 1-0

[Event "CZE-ch FIDE Open 2020"]
[Site "Kouty nad Desnou"]
[Date "2020.03.07"]
[Round "1.15"]
[White "Hradek, Matyas"]
[Black "Stastny, Jakub"]
[Result "1/2-1/2"]
[ECO "C01"]
[WhiteElo "1508"]
[BlackElo "1917"]
[Annotator "ChessBase"]
[PlyCount "81"]
[EventDate "2020.03.07"]
[EventCountry "CZE"]
[SourceTitle "playchess.com"]
[Source "ChessBase"]
[SourceQuality "1"]
[TimeControl "5400+30"]

1. e4 e6 2. d4 d5 3. exd5 exd5 4. Nf3 h6 5. Bf4 Bg4 6. Nbd2 Nd7 7. Bd3 Ngf6 8. h3 Be6 9. Qe2 c6 10. Bf5 Qe7 11. Bxe6 Qxe6 12. Qxe6+ fxe6 13. O-O-O g5 14. Bh2 Bg7 15. Rde1 Kf7 16. Ne5+ Nxe5 17. Bxe5 Rae8 18. Re2 Nh5 19. Bxg7 Kxg7 20. g3 Rhf8 21. h4 g4 22. Kd1 Rf5 23. Nf1 Nf6 24. Ne3 Rf3 25. h5 e5 26. Rh4 exd4 27. Nxg4 d3 28. Rxe8 dxc2+ 29. Kxc2 Nxe8 30. Kd2 Nf6 31. Ke2 Rf5 32. Nxf6 Kxf6 33. Rb4 b5 34. g4 Re5+ 35. Kd2 a6 36. f4 Re6 37. Rb3 Re4 38. Rc3 Re6 39. b4 Rd6 40. Re3 a5 41. a3 1/2-1/2

[Event "CZE-ch FIDE Open 2020"]
[Site "Kouty nad Desnou"]
[Date "2020.03.08"]
[Round "2.1"]
[White "Glozar, Petr"]
[Black "Sikorova, Olga"]
[Result "1/2-1/2"]
[ECO "A70"]
[WhiteElo "1918"]
[BlackElo "2199"]
[Annotator "ChessBase"]
[PlyCount "78"]
[EventDate "2020.03.07"]
[EventCountry "CZE"]
[SourceTitle "playchess.com"]
[Source "ChessBase"]
[SourceQuality "1"]
[TimeControl "5400+30"]

1. d4 Nf6 2. c4 g6 3. Nc3 Bg7 4. e4 d6 5. Nf3 O-O 6. h3 c5 7. d5 e6 8. Bd3 exd5 9. cxd5 Nbd7 10. O-O a6 11. a4 Qe7 12. Bf4 Nh5 13. Bh2 Be5 14. Nxe5 dxe5 15. Qd2 Qf6 16. Ne2 g5 17. Ng3 Nf4 18. Be2 Rb8 19. b4 b5 20. axb5 Nxe2+ 21. Nxe2 Rxb5 22. Rab1 h6 23. bxc5 Nxc5 24. Rxb5 axb5 25. Qc2 Nb7 26. Qb2 Re8 27. Qxb5 Nd6 28. Qa4 Qe7 29. f3 f5 30. Nc3 f4 31. Kh1 h5 32. Bg1 g4 33. Bc5 Rd8 34. Nb5 gxh3 35. Nxd6 Qh4 36. Nxc8 Kh8 37. Ne7 hxg2+ 38. Kxg2 Qg3+ 39. Kh1 Qh3+ 1/2-1/2

[Event "CZE-ch FIDE Open 2020"]
[Site "Kouty nad Desnou"]
[Date "2020.03.08"]
[Round "2.2"]
[White "Zamecnik, Jan"]
[Black "Bares, Jachym"]
[Result "0-1"]
[ECO "D10"]
[WhiteElo "1850"]
[BlackElo "2119"]
[Annotator "ChessBase"]
[PlyCount "104"]
[EventDate "2020.03.07"]
[EventCountry "CZE"]
[SourceTitle "playchess.com"]
[Source "ChessBase"]
[SourceQuality "1"]
[TimeControl "5400+30"]

1. d4 Nf6 2. Nf3 c5 3. c3 e6 4. g3 cxd4 5. cxd4 d5 6. Bg2 Bd6 7. O-O O-O 8. Nc3 Bd7 9. Qb3 Qb6 10. Qxb6 axb6 11. Bf4 Bxf4 12. gxf4 Rc8 13. Ne5 Nc6 14. Rfd1 Be8 15. f5 Nxe5 16. dxe5 Nd7 17. fxe6 fxe6 18. e4 Bh5 19. Rd4 Rc4 20. Rxc4 dxc4 21. f4 Nc5 22. f5 Re8 23. Bf1 Nd3 24. b3 Nxe5 25. bxc4 exf5 26. exf5 Nf3+ 27. Kf2 Nxh2 28. Bg2 Ng4+ 29. Kg1 Bf7 30. Bxb7 Bxc4 31. Rb1 b5 32. Nxb5 Bxa2 33. Ra1 Bf7 34. Nd6 Rd8 35. Ra8 Rxa8 36. Bxa8 Bb3 37. Be4 Kf8 38. Nb5 Ke7 39. Nd4 Ba2 40. Kg2 Kf6 41. Kg3 Ne3 42. Kf4 Nd5+ 43. Kf3 Nc3 44. Bc2 Bd5+ 45. Kf4 Bb7 46. Ne6 Nd5+ 47. Kg3 Ne3 48. Bb1 h6 49. Nc5 Bc8 50. Ne4+ Ke5 51. f6 gxf6 52. Kf3 Nc4 0-1

[Event "CZE-ch FIDE Open 2020"]
[Site "Kouty nad Desnou"]
[Date "2020.03.08"]
[Round "2.3"]
[White "Pycha, Patrik"]
[Black "Kucera, Tomas"]
[Result "1-0"]
[ECO "B31"]
[WhiteElo "2024"]
[BlackElo "1985"]
[Annotator "NA"]
[PlyCount "177"]
[EventDate "2020.03.07"]
[EventCountry "CZE"]
[SourceTitle "playchess.com"]
[Source "ChessBase"]
[SourceQuality "1"]
[TimeControl "5400+30"]

1. e4 c5 2. Nf3 Nc6 3. Bb5 g6 4. Bxc6 dxc6 5. h3 Bg7 6. O-O e5 7. d3 Qc7 {[%emt 0:06:13] B31: Sicilian: 2...Nc6 3 Bb5 g6.} 8. Be3 b6 9. Nbd2 Nf6 10. Nc4 Nd7 {[%emt 0:00:21] [#]} 11. a4 $146 ({Predecessor:} 11. Qd2 Ba6 12. Qc3 O-O 13. a3 Rfd8 14. b4 cxb4 15. axb4 Bxc4 16. Qxc4 Nf8 17. Ra6 {0-1 (36) Fitzsimons,D (2304)-Taylor,A (2133) England 2019}) 11... Nf8 12. Qd2 h6 (12... Ne6 $11) 13. b4 $16 (13. Qb4 $2 ) 13... cxb4 14. Qxb4 c5 15. Qb2 f6 16. a5 Rb8 17. axb6 axb6 18. Rfb1 Be6 19. Qb5+ Nd7 20. Ra6 O-O 21. Nfd2 ({Much worse is} 21. Nxb6 Rb7 $11) 21... f5 22. f3 f4 23. Bf2 Rf6 24. Rba1 (24. Nxb6 $18 Nxb6 25. Rxb6 Rxb6 26. Qxb6 Qxb6 27. Rxb6) 24... Rb7 25. Nb1 g5 26. Nc3 Rg6 (26... Rf8 {is a better defense.} 27. Rb1 Bxc4 28. Qxc4+ Kh7) 27. Ra8+ Nb8 $2 (27... Nf8 {was necessary.} 28. R1a6 Bxc4 29. Qxc4+ Kh7) 28. Qe8+ Kh7 29. Nb5 ({Much less strong is} 29. Nd5 Qc8 $18) 29... Qd7 30. Qxd7 Nxd7 31. Ncd6 Rb8 32. R8a7 Bf8 33. Nc4 Rg7 34. Rc7 h5 35. Raa7 g4 36. hxg4 hxg4 37. Kf1 Bxc4 38. dxc4 Rd8 (38... Nf6 $16 39. Bh4 Rxc7 40. Rxc7+ (40. Nxc7 Kg6 $16) 40... Kg6) 39. Bh4 Be7 40. Bxe7 Rxe7 41. fxg4 Kg6 42. Nc3 Rh7 43. Nd5 Nf6 44. Rxh7 Nxh7 45. Re7 Ra8 46. Rxe5 Ra2 47. Nxb6 (47. Nxf4+ $142 Kg7 48. Re7+ Kh6 49. Re6+ Kg7 50. Rxb6) 47... Rxc2 48. Rxc5 Nf6 49. Nd5 Nxe4 50. Nxf4+ Kg7 51. Rc7+ Kf6 52. Nd5+ Kg6 53. Ne3 Ng3+ 54. Kg1 Re2 55. Nd5 Rc2 56. Kh2 (56. c5 $142) 56... Nf1+ $2 (56... Ne4 $16 57. Rc6+ Kg5) 57. Kh3 Nd2 58. c5 Ne4 59. c6 Ng5+ (59... Rc1 $142 60. Kh2 Nc3 61. Nxc3 Rxc3) 60. Kg3 Rc5 61. Nf4+ Kf6 62. Rc8 Ne4+ 63. Kh4 Nd6 64. Rc7 Rc4 65. Nh5+ Ke6 66. Ng7+ $18 Kf6 67. Kh5 Ne4 68. Ne8+ Ke6 69. Kg6 Nc3 70. g5 Nd5 71. Ng7+ Ke5 72. Rf7 Rxc6+ 73. Kh7 Nf4 74. Re7+ Kd6 75. Re4 Nxg2 76. Nf5+ Kd5 77. Rg4 Rc7+ 78. Kh6 Ke5 79. Rxg2 Kxf5 80. Rf2+ Ke6 81. g6 Rc1 82. Kh7 Rh1+ 83. Kg8 Ke7 84. g7 Rg1 85. Re2+ Kd6 86. Re4 Kd5 87. Rh4 Ke6 88. Kh8 Kf7 89. Rf4+ 1-0

[Event "CZE-ch FIDE Open 2020"]
[Site "Kouty nad Desnou"]
[Date "2020.03.08"]
[Round "2.4"]
[White "Merinsky, Vaclav"]
[Black "Broz, Petr"]
[Result "0-1"]
[ECO "C01"]
[WhiteElo "1764"]
[BlackElo "1976"]
[Annotator "ChessBase"]
[PlyCount "56"]
[EventDate "2020.03.07"]
[EventCountry "CZE"]
[SourceTitle "playchess.com"]
[Source "ChessBase"]
[SourceQuality "1"]
[TimeControl "5400+30"]

1. e4 e6 2. d4 d5 3. exd5 exd5 4. Bd3 Bd6 5. Nf3 Ne7 6. Bg5 f6 7. Bh4 Bg4 8. Bg3 Nbc6 9. c3 Bxg3 10. hxg3 Qd7 11. Nbd2 O-O-O 12. Qe2 Nf5 13. O-O-O h5 14. Nb3 Rde8 15. Qc2 b6 16. Ba6+ Kd8 17. Bb5 Nd6 18. Bd3 Bf5 19. Rde1 Bxd3 20. Qxd3 Ne4 21. Rhf1 Re7 22. Nfd2 Nxf2 23. Qf3 Ng4 24. c4 Nh2 25. Rxe7 Nxe7 26. Qc3 Nxf1 27. Nxf1 dxc4 28. Qxc4 Qc6 0-1

[Event "CZE-ch FIDE Open 2020"]
[Site "Kouty nad Desnou"]
[Date "2020.03.08"]
[Round "2.5"]
[White "Slepov, Kyryl"]
[Black "Dejmal, Ondrej"]
[Result "0-1"]
[ECO "C90"]
[WhiteElo "1973"]
[BlackElo "1757"]
[Annotator "ChessBase"]
[PlyCount "114"]
[EventDate "2020.03.07"]
[EventCountry "CZE"]
[SourceTitle "playchess.com"]
[Source "ChessBase"]
[SourceQuality "1"]
[TimeControl "5400+30"]

1. e4 e5 2. Nf3 Nc6 3. Bb5 a6 4. Ba4 Nf6 5. d3 b5 6. Bb3 Be7 7. O-O O-O 8. Re1 d6 9. c3 Na5 10. Bc2 c5 11. Nbd2 Be6 12. Nf1 Qc7 13. Ne3 Rfc8 14. Bd2 Qb7 15. Nf5 c4 16. d4 Bxf5 17. exf5 e4 18. Ng5 d5 19. f3 h6 20. Nh3 Bd6 21. Nf2 exf3 22. Qxf3 Re8 23. g4 Qc7 24. h4 Bg3 25. g5 Nh5 26. Kg2 Bf4 27. Bxf4 Nxf4+ 28. Kf1 h5 29. a4 Nc6 30. b3 b4 31. bxc4 bxc3 32. Qxc3 dxc4 33. Qxc4 Qd6 34. Be4 Rec8 35. Rac1 Nxd4 36. Qxc8+ Rxc8 37. Rxc8+ Kh7 38. Rd1 Qe5 39. Rb1 Nxf5 40. Rb7 Ng6 41. Bd3 Nd6 42. Rcc7 Nxb7 43. Rxb7 Kg8 44. Bxa6 Qa1+ 45. Kg2 Qxa4 46. Rb8+ Kh7 47. Bd3 Qxh4 48. Rb5 Kg8 49. Rb8+ Kh7 50. Rb5 Kg8 51. Rb8+ Kh7 52. Rb5 Qd4 53. Kf3 h4 54. Be4 Qc3+ 55. Nd3 h3 56. Kg3 Qd4 57. Nf2 Qe3+ 0-1

[Event "CZE-ch FIDE Open 2020"]
[Site "Kouty nad Desnou"]
[Date "2020.03.08"]
[Round "2.6"]
[White "Broz, Jan"]
[Black "Klubal, Jiri"]
[Result "1/2-1/2"]
[ECO "B42"]
[WhiteElo "1481"]
[BlackElo "1935"]
[Annotator "ChessBase"]
[PlyCount "67"]
[EventDate "2020.03.07"]
[EventCountry "CZE"]
[SourceTitle "playchess.com"]
[Source "ChessBase"]
[SourceQuality "1"]
[TimeControl "5400+30"]

1. e4 c5 2. Nf3 e6 3. d4 cxd4 4. Nxd4 a6 5. Bd3 Qc7 6. Nb3 Nf6 7. O-O d5 8. exd5 Nxd5 9. N1d2 Nd7 10. Nf3 Bd6 11. Bd2 b6 12. Re1 N5f6 13. Bc3 O-O 14. Nbd2 Bb7 15. Ne4 Nxe4 16. Bxe4 Bxe4 17. Rxe4 e5 18. Qe1 f5 19. Rh4 Rae8 20. Rd1 Nf6 21. Rh3 Ne4 22. Nd2 Nxc3 23. Rxc3 Qb8 24. a3 e4 25. Nf1 f4 26. b4 a5 27. Rc6 Rf6 28. Qd2 Bc7 29. Rxf6 gxf6 30. Qd5+ Kf8 31. Qf5 Re7 32. Qxf6+ Rf7 33. Qh6+ Kg8 34. Qg5+ 1/2-1/2

[Event "CZE-ch FIDE Open 2020"]
[Site "Kouty nad Desnou"]
[Date "2020.03.08"]
[Round "2.8"]
[White "Brazdil, Roman"]
[Black "Ptacek, Jan"]
[Result "1/2-1/2"]
[ECO "B80"]
[WhiteElo "2116"]
[BlackElo "1911"]
[Annotator "ChessBase"]
[PlyCount "40"]
[EventDate "2020.03.07"]
[EventCountry "CZE"]
[SourceTitle "playchess.com"]
[Source "ChessBase"]
[SourceQuality "1"]
[TimeControl "5400+30"]

1. e4 c5 2. Nf3 d6 3. d4 cxd4 4. Nxd4 Nf6 5. Nc3 a6 6. f3 e6 7. Be3 b5 8. a3 Nbd7 9. Qd2 Bb7 10. Qf2 Rc8 11. Bd3 Be7 12. O-O O-O 13. Kh1 Qc7 14. Rac1 Ne5 15. Rfd1 Nc4 16. Bxc4 Qxc4 17. Nb3 Qc7 18. Bb6 Qb8 19. Ba7 Qc7 20. Bb6 Qb8 1/2-1/2